 Dungeon Crawl Stone Soup version 0.26-a0-778-g3fe0686644 (console) character file.

Game seed: 7794207198867298758

876 om the Cudgeler (level 7, 0/70 HPs)
             Began as a Troll Berserker on Nov 9, 2020.
             Was an Elder of Trog.
             Slain by a killer bee zombie (4 damage)
             ... on level 6 of the Dungeon.
             The game lasted 00:07:55 (4046 turns).

om the Cudgeler (Troll Berserker)                   Turns: 4046, Time: 00:07:55

Health: 0/70       AC:  7    Str: 27    XL:     7   Next: 74%
Magic:  6/6        EV:  9    Int:  4    God:    Trog [****..]
Gold:   315        SH:  8    Dex:  9    Spells: 6/6 levels left

rFire    . . .     SeeInvis .   p - +2 flail (protect)
rCold    . . .     Faith    .   n - +0 kite shield
rNeg     . . .     Spirit   .   a - +1 animal skin
rPois    .         Reflect  .   (helmet restricted)
rElec    .         Harm     .   (no cloak)
rCorr    .         Rampage  .   (gloves unavailable)
MR       .....     Rnd*Tele +   (boots unavailable)
Stlth    +.........             (no amulet)
HPRegen  0.61/turn              d - ring of teleportation (curse)
MPRegen  0.10/turn              j - -4 ring of slaying (curse)

@: mighty, berserk cooldown, slowed, very slow
A: large, unfitting armour, claws 3, regeneration 1, shaggy fur 1, tough skin 3
a: Berserk, Trog's Hand, Brothers in Arms, Renounce Religion


You were on level 6 of the Dungeon.
You worshipped Trog.
Trog was greatly pleased with you.
You visited 1 branch of the dungeon, and saw 6 of its levels.

You collected 315 gold pieces.

Inventory:

Hand Weapons
 p - a +2 flail of protection (weapon)
Armour
 a - a +1 animal skin (worn)
 n - a +0 kite shield (worn)
Jewellery
 d - a cursed ring of teleportation (left claw)
 i - a +4 ring of evasion
 j - a cursed -4 ring of slaying (right claw)
 m - an uncursed ring of positive energy
 q - an uncursed ring of positive energy
Scrolls
 c - 2 scrolls of enchant armour
 f - 4 scrolls of teleportation
 h - 2 scrolls of blinking
 r - a scroll of fog
Potions
 b - 3 potions of brilliance
 g - 2 potions of flight {unknown}
 k - 2 potions of ambrosia {unknown}
 l - a potion of cancellation {unknown}
 o - 3 potions of mutation {unknown}
 s - a potion of degeneration {unknown}
 t - a potion of invisibility {unknown}
 u - a potion of curing {unknown}


   Skills:
 + Level 4.1 Fighting
 * Level 4.4 Maces & Flails
 + Level 4.2 Dodging
 - Level 2.2 Shields
 - Level 4.1 Unarmed Combat


You had 6 spell levels left.
You didn't know any spells.
Your spell library was empty.

Dungeon Overview and Level Annotations

Branches:
Dungeon (6/15)             Temple (0/1) D:5

Altars:
Fedhas
Gozag
Nemelex Xobeh
Qazlal


Innate Abilities, Weirdness & Mutations

You are too large for most types of armour.
You have claws for hands.
Your natural rate of healing is unusually fast.
You are covered in fur. (AC +1)
You have extremely tough skin. (AC +3)


Message History

* * * LOW HITPOINT WARNING * * *
The killer bee zombie hits you but does no damage.
The orc hits you but does no damage.
You fail to use your ability.
The killer bee zombie hits you!
* * * LOW HITPOINT WARNING * * *
The quokka barely misses you. The orc closely misses you.
The killer bee zombie hits you.
* * * LOW HITPOINT WARNING * * *
The orc hits you with a +0 whip.
* * * LOW HITPOINT WARNING * * *
The quokka bites you but does no damage.
You block the orc's attack.
You block the killer bee zombie's attack.
The killer bee zombie barely misses you.
The quokka bites you but does no damage.
The orc hits you but does no damage.
You fail to use your ability.
The quokka barely misses you. The orc hits you but does no damage.
You block the quokka's attack. The orc closely misses you.
The killer bee zombie hits you but does no damage.
The killer bee zombie hits you.
You die...

############
#..........#
#..........#
#....o....[#
#....rl)...#
#..@Zo()...#
#.............
#####.####....
#..# ..< #<...
.. #..#.# .
##.#.# .


You could see an iguana, 2 orcs, a killer bee zombie and a quokka.

Vanquished Creatures
  An ice beast (D:5)
  A phantom (D:5)
  A scorpion (D:5)
  A howler monkey (D:5)
  A bullfrog zombie (D:5)
  4 hounds
  2 orc priests
  A jelly (D:5)
  A centaur skeleton (D:4)
  Terence (D:3)
  3 orc wizards
  A hound skeleton (D:4)
  A howler monkey zombie (D:5)
  4 gnolls (D:5)
  5 adders
  An adder zombie (D:5)
  2 worms (D:2)
  A dart slug (D:2)
  6 leopard geckos
  15 orcs
  A ball python (D:4)
  9 giant cockroaches
  7 goblins
  7 hobgoblins
  7 jackals (D:3)
  9 kobolds
  A quokka (D:4)
  8 bats
  A frilled lizard (D:1)
  A leopard gecko skeleton (D:4)
  7 rats
111 creatures vanquished.

Vanquished Creatures (others)
  An adder (D:6)
1 creature vanquished.

Grand Total: 112 creatures vanquished

Notes
Turn   | Place    | Note
-------+----------+-------------------------------------------
     0 | D:1      | om the Troll Berserker began the quest for the Orb.
     0 | D:1      | Reached XP level 1. HP: 22/22 MP: 0/0
   194 | D:1      | Reached XP level 2. HP: 29/29 MP: 1/1
   649 | D:2      | Found a blossoming altar of Fedhas.
   662 | D:2      | Reached ** piety under Trog
   662 | D:2      | Reached XP level 3. HP: 36/36 MP: 2/2
   719 | D:2      | Found a sparkling altar of Nemelex Xobeh.
  1029 | D:2      | Found an opulent altar of Gozag.
  1311 | D:3      | Reached XP level 4. HP: 43/44 MP: 3/3
  1326 | D:3      | Reached skill level 1 in Shields
  1441 | D:3      | Reached *** piety under Trog
  1696 | D:3      | Noticed Terence
  1715 | D:3      | Killed Terence
  1915 | D:4      | Noticed a phantom
  1919 | D:4      | Reached XP level 5. HP: 53/53 MP: 4/4
  2040 | D:4      | Found a stormy altar of Qazlal.
  2126 | D:4      | Reached skill level 1 in Maces & Flails
  2371 | D:4      | Reached XP level 6. HP: 15/61 MP: 5/5
  3076 | D:5      | Entered Level 5 of the Dungeon
  3188 | D:5      | Noticed an ice beast
  3202 | D:5      | Killed an ice beast
  3316 | D:5      | Found a staircase to the Ecumenical Temple.
  3388 | D:5      | Reached XP level 7. HP: 66/68 MP: 6/6
  3528 | D:5      | Found a sparkling altar of Nemelex Xobeh.
  3663 | D:5      | Reached **** piety under Trog
  4043 | D:6      | HP: 2/70 [orc/+0 whip (2)]
  4046 | D:6      | Slain by a killer bee zombie

Illustrated notes

Levels and vault maps discovered:
D:1:      dpeg_arrival_rooms_with_view, layout_basic, grunt_decor_junction
D:2:      layout_basic, overflow_temple_1_default,
          nemelex_xobeh_ov_fountains_minmay, lemuel_doored_altar
D:3:      layout_rooms, uniq_terence
D:4:      layout_loops_corners, old_standard_altar
D:5:      layout_gridville, minmay_temple_entry_offerings,
          nemelex_diamond_rough_becter
D:6:      layout_rooms, grunt_temple_overflow_holy_war,
          chequers_temple_overflow_statue_of_worship

Skill      XL: |  1  2  3  4  5  6  7 |
---------------+----------------------+-----
Shields        | 1 2 |  2.2
Unarmed Combat | 4 |  4.1
Fighting       | 3 4 |  4.1
Dodging        | 3 4 |  4.2
Maces & Flails | 1 3 4 |  4.4

Action                   |  1- 3 |  4- 6 |  7- 9 || total
-------------------------+-------+-------+-------++-------
Melee: Unarmed           |   161 |    86 |       ||   247
       Punch             |     3 |       |       ||     3
       Flail             |       |   235 |    74 ||   309
Invok: Berserk           |     2 |     6 |     4 ||    12
  Use: Scroll            |     6 |     1 |       ||     7
       Potion            |       |     1 |     2 ||     3
 Stab: Sleeping          |     1 |     1 |     1 ||     3
Armor: Animal skin       |    60 |   215 |   101 ||   376
Dodge: Dodged            |    89 |   181 |    78 ||   348
Block: Kite shield       |    40 |   198 |    66 ||   304

Table legend: (Time is in decaauts)
 A = Elapsed time spent in this place.
 B = Non-inter-level travel time spent in this place.
 C = Inter-level travel time spent in this place.
 D = Time resting spent in this place.
 E = Time spent auto-exploring this place.
 F = Levels seen in this place.
 G = Mean time per level.
                   A        B        C        D        E       F      G
               +--------+--------+--------+--------+--------+-----+--------+
         Total |   4239 |   4024 |    215 |    509 |   2318 |   6 |  706.5 |
       Dungeon |   4239 |   4024 |    215 |    509 |   2318 |   6 |  706.5 |
               +--------+--------+--------+--------+--------+-----+--------+

Top non-repeatable levels by time:
     D:4: 1219 daAuts
     D:5: 979 daAuts
     D:2: 691 daAuts
     D:1: 657 daAuts
     D:3: 628 daAuts
     D:6: 64 daAuts
